 Dungeon Crawl Stone Soup version 0.29-a0-322-g68df515428 (webtiles) character file.

Game seed: 1946426625361556616

66 Hubjo the Slasher (level 3, -1/21 HPs)
             Began as a Deep Elf Wanderer on Apr 7, 2022.
             Succumbed to an adder's poison
             ... on level 2 of the Dungeon.
             The game lasted 00:01:53 (1757 turns).

Hubjo the Slasher (Deep Elf Wanderer)               Turns: 1757, Time: 00:01:53

Health: -1/21      AC:  6    Str:  8    XL:     3   Next: 96%
Magic:  6/6        EV:  8    Int: 14    God:
Gold:   90         SH:  0    Dex: 19    Spells: 4/4 levels left

rFire   . . .      SeeInvis .   a - +2 falchion
rCold   . . .      Faith    .   (no shield)
rNeg    . . .      Spirit   .   c - +0 scale mail
rPois   .          Reflect  .   (no helmet)
rElec   .          Harm     .   (no cloak)
rCorr   .          Rampage  .   (no gloves)
Will    .....                   (no boots)
Stlth   +.........              (no amulet)
HPRegen 0.07/turn               (no ring)
MPRegen 0.10/turn               (no ring)

@: lethally poisoned (-1 -> -8)
A: no striking features
a: no special abilities


You were on level 2 of the Dungeon.
You visited 1 branch of the dungeon, and saw 2 of its levels.

You collected 90 gold pieces.

Inventory:

Hand Weapons
 a - a +2 falchion (weapon)
 b - a +0 short sword
Armour
 c - a +0 scale mail (worn)
Jewellery
 e - a ring of flight
 o - an amulet of the acrobat
Scrolls
 d - a scroll of silence
 g - 3 scrolls of identify {unknown}
 h - a scroll of immolation {unknown}
 p - a scroll of holy word {unknown}
Potions
 f - a potion of heal wounds
 i - 2 potions of lignification {unknown}
 j - a potion of degeneration {unknown}
 k - a potion of brilliance {unknown}
 l - 2 potions of attraction {unknown}
 m - a potion of flight {unknown}
 n - a potion of might {unknown}


   Skills:
 * Level 1.9 Fighting
 - Level 1.0(2.6) Short Blades
 - Level 3.6 Long Blades
 - Level 1.5 Armour
 + Level 1.2 Dodging
 * Level 3.0 Stealth
 + Level 1.2 Spellcasting
 + Level 1.8 Evocations


You had 4 spell levels left.
You didn't know any spells.
Your spell library was empty.

Dungeon Overview and Level Annotations

Branches:
Dungeon (2/15)

Altars:


Message History

You are poisoned.
The adder poisons you!
You barely miss the worm.
The worm is moderately wounded.
You feel sick. The worm bites you. The adder bites you but does no damage.
You hit the worm.
The worm is heavily wounded.
You feel sick. The adder bites you.
You are lethally poisoned!
The adder poisons you! The worm bites you.
* * * LOW HITPOINT WARNING * * *
You are too injured to fight recklessly!
You are too injured to fight recklessly!
You are too injured to fight recklessly!
You are too injured to fight recklessly!
You are too injured to fight recklessly!
You are too injured to fight recklessly!
You are too injured to fight recklessly!
You are too injured to fight recklessly!
You are too injured to fight recklessly!
You are too injured to fight recklessly!
You are too injured to fight recklessly!
You are too injured to fight recklessly!
You are too injured to fight recklessly!
You are too injured to fight recklessly!
You are too injured to fight recklessly!
You are too injured to fight recklessly!
You are too injured to fight recklessly!
You are too injured to fight recklessly!
You are too injured to fight recklessly!
You are too injured to fight recklessly!
You are too injured to fight recklessly!
You are too injured to fight recklessly!
You are too injured to fight recklessly!
* * * LOW HITPOINT WARNING * * *
You feel sick. The adder closely misses you.
The adder bites you but does no damage. The adder attacks as you move away!
The adder bites you.
* * * LOW HITPOINT WARNING * * *
You die...

##############
#............##
#.............###
#w#.............#
#.S.######.#..#.##
#.#.#### #.#......
######@#.##.###.#..####
#......................
###.##.#.##.##..#..##..
#.##.#........#..##.#
#.##.#.##<#...#..##.#
#.##.#.#.............
#.##.#...............
#.##.................
#.####.##.....#..##.#


You could see a worm and an adder.

Vanquished Creatures
  An iguana (D:2)
  4 dart slugs
  A ball python (D:1)
  2 endoplasms (D:1)
  5 goblins
  4 hobgoblins
  A quokka (D:1)
  5 bats
  2 frilled lizards (D:1)
  4 kobolds
  4 rats
33 creatures vanquished.

Notes
Turn   | Place    | Note
-------+----------+-------------------------------------------
     0 | D:1      | Hubjo the Deep Elf Wanderer began the quest for the Orb.
     0 | D:1      | Hubjo set off with the following items: a +2 falchion, a +0
                  | short sword, a +0 scale mail, a scroll of silence
     0 | D:1      | Reached XP level 1. HP: 12/12 MP: 3/3
   205 | D:1      | Reached XP level 2. HP: 13/16 MP: 4/4
  1017 | D:2      | Reached XP level 3. HP: 20/20 MP: 6/6
  1242 | D:2      | Reached skill level 1 in Dodging
  1244 | D:2      | Reached skill level 1 in Spellcasting
  1581 | D:2      | Found a faded altar of an unknown god.
  1757 | D:2      | HP: 1/21 [adder (3)]
  1757 | D:2      | Succumbed to an adder's poison

Illustrated notes

Levels and vault maps discovered:
D:1:      minmay_arrival_open_corners, layout_rooms
D:2:      layout_basic, ebering_ecumenical_altar_rust

Skill      XL: |  1  2  3 |
---------------+----------+-----
Stealth        | 2 3 |  3.0
Dodging        | 1 |  1.2
Spellcasting   | 1 |  1.2
Fighting       | |  1.9
Short Blades   | |  1.0
Long Blades    | |  3.6
Armour         | |  1.5
Evocations     | |  1.8

Action                   || total
-------------------------++-------
Melee: Falchion          ||    90
  Use: Potion            ||     1
Armor: Scale mail        ||    53
Dodge: Dodged            ||    36

Table legend: (Time is in decaauts)
 A = Elapsed time spent in this place.
 B = Non-inter-level travel time spent in this place.
 C = Inter-level travel time spent in this place.
 D = Time resting spent in this place.
 E = Time spent auto-exploring this place.
 F = Levels seen in this place.
 G = Mean time per level.
                   A        B        C        D        E       F      G
               +--------+--------+--------+--------+--------+-----+--------+
         Total |   1767 |   1712 |     55 |      0 |   1404 |   2 |  883.5 |
       Dungeon |   1767 |   1712 |     55 |      0 |   1404 |   2 |  883.5 |
               +--------+--------+--------+--------+--------+-----+--------+

Top non-repeatable levels by time:
     D:2: 922 daAuts
     D:1: 844 daAuts
